 Dungeon Crawl Stone Soup version 0.21-a0-529-g8c7b3f5 (webtiles) character file.

3301 Lasiace the Fighter (level 10, -12/84 HPs)
             Began as a Gnoll Wanderer on Dec 10, 2017.
             Was a Follower of Cheibriados.
             Mangled by an orc warlord
             ... wielding a +0 war axe
              (17 damage)
             ... in a bailey.
             The game lasted 00:38:16 (7593 turns).

Lasiace the Fighter (Gnoll Wanderer)                Turns: 7593, Time: 00:38:16

Health: -12/84     AC: 17    Str: 20    XL:     10   Next: 1%
Magic:  17/17      EV: 19    Int: 13    God:    Cheibriados [*.....]
Gold:   433        SH:  7    Dex: 25    Spells: 18/18 levels left

rFire    . . .     SeeInvis .   b - +1 whip (elec)
rCold    . . .     Gourm    .   l - +0 buckler
rNeg     . . .     Faith    .   n - +2 scale mail
rPois    .         Spirit   .   (helmet restricted)
rElec    .         Reflect  .   C - +2 cloak
rCorr    .         Harm     .   (no gloves)
MR       .....                  K - +2 pair of boots
Stlth    +++.......             I - amulet of magic regeneration
HPRegen  0.24/turn              (no ring)
MPRegen  0.40/turn              (no ring)

@: agile, very slow
A: distributed training, fangs 1, horns 1, thin metallic scales 1, subdued magic
1, strong nose
a: Bend Time, Renounce Religion


You were in a bailey.
You worshipped Cheibriados.
Cheibriados was aware of your devotion.
You were not hungry.

You visited 2 branches of the dungeon, and saw 8 of its levels.
You also visited: Sewer and Bailey.

You collected 433 gold pieces.

Inventory:

Hand Weapons
 a - a +0 hunting sling
 b - a +1 whip of electrocution (weapon)
 d - a +2 short sword of speed
 s - a +4 hand crossbow
Missiles
 i - 90 sling bullets {@Q1}
 q - 2 tomahawks {@Q8}
 w - 4 javelins {@Q9}
 E - 49 arrows {@Q1}
 H - 10 bolts {@Q1}
 L - 32 tomahawks of returning (quivered) {@Q6}
 Q - 150 stones {@Q7}
Armour
 l - a +0 buckler (worn)
 n - a +2 scale mail (worn)
 C - a +2 cloak (worn)
 J - a +0 helmet
 K - a +2 pair of boots (worn)
Jewellery
 I - an amulet of magic regeneration (around neck)
Scrolls
 c - 9 scrolls of teleportation {@r3}
 m - a scroll of immolation {unknown}
 o - 3 scrolls of enchant armour
 p - 4 scrolls of enchant weapon {unknown}
 v - 3 scrolls of blinking {unknown}
 y - 2 scrolls of fog {unknown}
 A - 2 scrolls of remove curse
 B - a scroll of amnesia {unknown}
 F - a scroll of magic mapping {unknown}
Potions
 f - a potion of might {unknown}
 h - a potion of lignification {!q}
 j - 2 potions of agility
 t - 3 potions of brilliance
 u - 3 potions of curing {@q2}
 x - a potion of heal wounds {@q1}
 z - 4 potions of magic
 G - a potion of flight {unknown}
Comestibles
 r - 2 royal jellies
 D - 4 bread rations


   Skills:
 + Level 9.7 Fighting
 + Level 4.7 Short Blades
 + Level 4.7 Long Blades
 + Level 5.4 Axes
 + Level 6.6 Maces & Flails
 + Level 4.7 Polearms
 + Level 4.7 Staves
 + Level 4.7 Slings
 + Level 4.7 Bows
 + Level 4.7 Crossbows
 + Level 5.4 Throwing
 + Level 5.4 Armour
 + Level 4.7 Dodging
 + Level 4.7 Stealth
 + Level 5.4 Shields
 + Level 4.7 Unarmed Combat
 + Level 4.7 Spellcasting
 + Level 3.9 Conjurations
 + Level 3.9 Hexes
 + Level 3.9 Charms
 + Level 3.9 Summonings
 + Level 3.9 Necromancy
 + Level 3.9 Translocations
 + Level 3.9 Transmutations
 + Level 3.9 Fire Magic
 + Level 3.9 Ice Magic
 + Level 3.9 Air Magic
 + Level 3.9 Earth Magic
 + Level 3.9 Poison Magic
 + Level 5.2 Invocations
 + Level 4.7 Evocations


You had 18 spell levels left.
You didn't know any spells.

Dungeon Overview and Level Annotations

Branches:
Dungeon (7/15)             Temple (1/1) D:6

Altars:
Ashenzari
Cheibriados
Dithmenos
Elyvilon
Fedhas
Gozag
Hepliaklqana
Kikubaaqudgha
Makhleb
Nemelex Xobeh
Okawaru
Qazlal
Ru
Sif Muna
Trog
Uskayaw
Vehumet
Wu Jian
Xom
Yredelemnul
Zin

Annotations:
D:7 exclusion: hornet


Innate Abilities, Weirdness & Mutations

Your experience applies equally to all skills.
You have very sharp teeth.
Your uncanny sense of smell can sniff out nearby items.
You have a pair of small horns on your head.
You are partially covered in thin metallic scales. (AC +2)
Your spells are a little easier to cast, but a little less powerful.


Message History

The orc warlord hits you but does no damage.
You whack the orc!
You kill the orc!
Cheibriados appreciates the change of pace.
The hobgoblin misses you.
The orc warlord hits you but does no damage.
You closely miss the hobgoblin. You headbutt the hobgoblin.
The hobgoblin is moderately wounded.
The hobgoblin completely misses you.
You hit the hobgoblin. Your headbutt misses the hobgoblin.
The hobgoblin is heavily wounded.
The orc warlord hits you with a war axe!!
* * * LOW HITPOINT WARNING * * *
You hit the hobgoblin.
The hobgoblin is severely wounded.
The hobgoblin misses you.
You closely miss the hobgoblin. Your bite misses the hobgoblin.
The hobgoblin is severely wounded.
The orc warlord hits you with a war axe!
You die...

♣##....##≈≈#####≈≈##....##♣
♣.##...#≈[?8.(.8?[≈#...##.♣
♣♣((###'#≈.....(...≈#'###((♣♣
♣...≈≈≈.#≈..8...8..≈#.≈≈≈(..♣
♣..(≈≈≈.##.........##.≈≈≈(.(♣
∩...≈≈≈.#≈....∩....≈#!≈≈≈..(∩
♣...≈≈≈.#≈.........≈#.≈≈≈...♣
♣(((≈≈≈.#≈≈.8go)8.≈≈#.≈≈≈...♣
♣♣..###'###...@...###)###..♣♣
♣.##....#≈.8...8.≈#....##.♣
♣##.....#≈≈≈≈≈≈≈≈≈#.....##♣
##......####≈≈≈####......##
#...8......#'''#......8...#
#...........)....)........#
#..........)).............#
##..8..8...........8..8..##
##.......#######.......##


You could see an orc warlord and a hobgoblin.

Vanquished Creatures
  A two-headed ogre (D:6)
  An orc knight (Bailey)
  The ghost of Caerwyn the Chiller, an amateur DgIE (D:4)
  Eustachio (D:6)
  Menkaure (D:7)
  A black bear (D:6)
  A sky beast (D:6)
  An ice beast (D:6)
  3 orc warriors (Bailey)
  A phantom (D:5)
  An ogre (D:4)
  A bullfrog (D:7)
  2 scorpions
  2 howler monkeys
  A centaur zombie (D:5)
  A hound (D:5)
  An orc priest (D:3)
  6 orc wizards
  2 bullfrog skeletons
  2 iguanas
  4 worker ants
  A hound skeleton (D:4)
  A mummy (D:6)
  2 worker ant zombies
  5 gnolls
  A howler monkey skeleton (D:7)
  10 adders
  3 river rats (Sewer)
  2 adder skeletons
  An adder zombie (D:6)
  2 worms (D:2)
  2 dart slugs
  9 leopard geckos
  12 orcs
  2 ball pythons (Sewer)
  11 bats
  7 giant cockroaches
  12 goblins
  8 hobgoblins
  7 jackals
  A quokka (D:3)
  9 frilled lizards
  A hobgoblin zombie (D:6)
  19 kobolds
  A kobold zombie (D:6)
  2 orc zombies (D:6)
  A quokka skeleton (D:5)
  18 rats
185 creatures vanquished.

Notes
Turn   | Place    | Note
-------+----------+-------------------------------------------
     0 | D:1      | Lasiace the Gnoll Wanderer began the quest for the Orb.
     0 | D:1      | Lasiace set off with: a +2 scale mail, a +0 mace, a scroll of teleportation {@r3}, a bread ration
     0 | D:1      | Reached XP level 1. HP: 26/26 MP: 1/1
   119 | D:1      | Reached XP level 2. HP: 33/33 MP: 2/2
   768 | D:2      | Reached XP level 3. HP: 38/38 MP: 3/3
   986 | D:2      | Reached skill level 1 in Invocations
  1199 | D:2      | Reached skill level 1 in Short Blades
  1199 | D:2      | Reached skill level 1 in Long Blades
  1199 | D:2      | Reached skill level 1 in Polearms
  1199 | D:2      | Reached skill level 1 in Staves
  1199 | D:2      | Reached skill level 1 in Slings
  1199 | D:2      | Reached skill level 1 in Bows
  1199 | D:2      | Reached skill level 1 in Crossbows
  1199 | D:2      | Reached skill level 1 in Dodging
  1199 | D:2      | Reached skill level 1 in Stealth
  1199 | D:2      | Reached skill level 1 in Unarmed Combat
  1199 | D:2      | Reached skill level 1 in Spellcasting
  1199 | D:2      | Reached skill level 1 in Evocations
  1243 | D:2      | Reached XP level 4. HP: 44/45 MP: 5/5
  1677 | D:3      | Reached skill level 1 in Conjurations
  1677 | D:3      | Reached skill level 1 in Hexes
  1677 | D:3      | Reached skill level 1 in Charms
  1677 | D:3      | Reached skill level 1 in Summonings
  1677 | D:3      | Reached skill level 1 in Necromancy
  1677 | D:3      | Reached skill level 1 in Translocations
  1677 | D:3      | Reached skill level 1 in Transmutations
  1677 | D:3      | Reached skill level 1 in Fire Magic
  1677 | D:3      | Reached skill level 1 in Ice Magic
  1677 | D:3      | Reached skill level 1 in Air Magic
  1677 | D:3      | Reached skill level 1 in Earth Magic
  1677 | D:3      | Reached skill level 1 in Poison Magic
  1677 | D:3      | Reached XP level 5. HP: 51/51 MP: 6/6
  1905 | D:3      | Found a glowing drain.
  1979 | Sewer    | Entered a sewer
  2166 | Sewer    | Reached XP level 6. HP: 51/57 MP: 8/8
  2701 | D:3      | Reached skill level 5 in Maces & Flails
  3079 | D:4      | Noticed Caerwyn's ghost (amateur DgIE)
  3086 | D:4      | Killed Caerwyn's ghost
  3086 | D:4      | Reached XP level 7. HP: 34/63 MP: 10/10
  3594 | D:4      | Reached skill level 9 in Fighting
  3886 | D:5      | Entered Level 5 of the Dungeon
  3977 | D:5      | Reached XP level 8. HP: 67/71 MP: 12/12
  5629 | D:6      | Gained mutation: Your spells are a little easier to cast, but a little less powerful. [mutagenic meat]
  5630 | D:6      | Gained mutation: Scrolls take you a little longer to read. [mutagenic meat]
  5631 | D:6      | Gained mutation: You are partially covered in thin metallic scales. (AC +2) [mutagenic meat]
  5632 | D:6      | Gained mutation: You have a pair of small horns on your head. [mutagenic meat]
  5634 | D:6      | Lost mutation: Scrolls take you a little longer to read. [mutagenic meat]
  5669 | D:6      | Found a staircase to the Ecumenical Temple.
  5788 | D:6      | Noticed a two-headed ogre
  5792 | D:6      | Killed a two-headed ogre
  5792 | D:6      | Reached XP level 9. HP: 53/77 MP: 13/15
  5888 | Temple   | Entered the Ecumenical Temple
  5997 | Temple   | Became a worshipper of Cheibriados the Contemplative
  6042 | D:6      | Noticed Eustachio
  6053 | D:6      | Killed Eustachio
  6417 | D:6      | Reached skill level 5 in Axes
  6417 | D:6      | Reached skill level 5 in Throwing
  6417 | D:6      | Reached skill level 5 in Armour
  6417 | D:6      | Reached skill level 5 in Shields
  6572 | D:7      | Noticed Menkaure
  6584 | D:7      | Killed Menkaure
  6664 | D:7      | Noticed a hornet
  6752 | D:7      | Found a flagged portal.
  6773 | Bailey   | Entered a bailey
  6778 | Bailey   | Noticed an orc warlord
  7010 | Bailey   | Reached * piety under Cheibriados
  7159 | Bailey   | Found a runed gate.
  7163 | Bailey   | Found a runed gate.
  7164 | Bailey   | Found a runed gate.
  7173 | Bailey   | Noticed an orc knight
  7207 | Bailey   | Killed an orc knight
  7207 | Bailey   | Reached skill level 5 in Invocations
  7207 | Bailey   | Reached XP level 10. HP: 30/84 MP: 15/17
  7593 | Bailey   | Mangled by an orc warlord

Vault maps used:
D:1:      dpeg_arrival_ternary
D:2:      serial_forest, infiniplex_forest_straight_3,
          infiniplex_forest_lined_corner, infiniplex_forest_clump_medium,
          infiniplex_forest_straight_4, infiniplex_forest_straight_2,
          infiniplex_forest_lined_room_2, infiniplex_forest_lined_2,
          mrwooster_statue_mirror
D:3:      first_bread, gup_sewer_entry_glass, hangedman_abyss_or_decor_stabs
D:6:      temple_pool_b, nrook_uturn, minmay_mini_ossuary, uniq_eustachio
D:7:      enter_bailey_8, uniq_menkaure, uniq_crazy_yiuf_cottage
Temple:   kilobyte_greek_temple
Sewer:    sewer_co_cracked_pipes
Bailey:   bailey_axe_bossmonster_kennysheep, bailey

Skill      XL: |  1  2  3  4  5  6  7  8  9 |
---------------+----------------------------+-----
Invocations    | 1 2 3 4 5 |  5.2
Short Blades   | 1 2 4 |  4.7
Long Blades    | 1 2 4 |  4.7
Polearms       | 1 2 4 |  4.7
Staves         | 1 2 4 |  4.7
Slings         | 1 2 4 |  4.7
Bows           | 1 2 4 |  4.7
Crossbows      | 1 2 4 |  4.7
Dodging        | 1 2 4 |  4.7
Stealth        | 1 2 4 |  4.7
Unarmed Combat | 1 2 4 |  4.7
Spellcasting   | 1 2 4 |  4.7
Evocations     | 1 2 4 |  4.7
Conjurations   | 1 2 3 |  3.9
Hexes          | 1 2 3 |  3.9
Charms         | 1 2 3 |  3.9
Summonings     | 1 2 3 |  3.9
Necromancy     | 1 2 3 |  3.9
Translocations | 1 2 3 |  3.9
Transmutations | 1 2 3 |  3.9
Fire Magic     | 1 2 3 |  3.9
Ice Magic      | 1 2 3 |  3.9
Air Magic      | 1 2 3 |  3.9
Earth Magic    | 1 2 3 |  3.9
Poison Magic   | 1 2 3 |  3.9
Axes           | 3 4 5 |  5.4
Throwing       | 3 4 5 |  5.4
Armour         | 3 4 5 |  5.4
Shields        | 3 4 5 |  5.4
Maces & Flails | 5 6 |  6.6
Fighting       | 9 |  9.7

Action                   |  1- 3 |  4- 6 |  7- 9 | 10-12 || total
-------------------------+-------+-------+-------+-------++-------
Melee: Mace              |    42 |       |       |       ||    42
       Bite              |    11 |     9 |    26 |     9 ||    55
       Short sword       |    44 |    13 |       |       ||    57
       Whip              |       |    84 |   164 |    28 ||   276
       Headbutt          |       |       |    23 |    10 ||    33
 Fire: Hunting sling     |    17 |    90 |   160 |    17 ||   284
       Hand crossbow     |       |       |       |     4 ||     4
Throw: Stone             |    44 |    14 |     3 |       ||    61
       Javelin           |       |     2 |    39 |       ||    41
       Tomahawk          |       |       |    15 |       ||    15
Invok: Bend Time         |       |       |       |     1 ||     1
  Use: Scroll            |     3 |     1 |     5 |     6 ||    15
       Potion            |       |       |     1 |     2 ||     3
 Stab: Distracted        |       |       |     1 |       ||     1
  Eat: Chunk             |     1 |     5 |    19 |     1 ||    26
Armor: Scale mail        |    31 |    25 |    57 |    11 ||   124
Dodge: Dodged            |    25 |    23 |    90 |    19 ||   157
Block: Buckler           |     6 |    18 |    49 |    12 ||    85

Table legend:
 A = Spawn XP
 B = Non-spawn XP
 C = Spawn XP percentage of total XP
 D = Spawn monster count
 E = Non-spawn monster count
 F = Spawn count percentage of total count
 G = Total turns spent on level
                    A         B        C        D         E        F      G
               +---------+---------+-------+---------+---------+-------+---------
         Total |       0 |    4716 |   0.0 |       0 |     185 |   0.0 |  7593
               +---------+---------+-------+---------+---------+-------+---------
           D:1 |       0 |      23 |   0.0 |       0 |      15 |   0.0 |   668
           D:2 |       0 |     100 |   0.0 |       0 |      25 |   0.0 |   984
           D:3 |       0 |     280 |   0.0 |       0 |      31 |   0.0 |   970
           D:4 |       0 |     648 |   0.0 |       0 |      19 |   0.0 |   861
           D:5 |       0 |     537 |   0.0 |       0 |      19 |   0.0 |  1367
           D:6 |       0 |    1672 |   0.0 |       0 |      21 |   0.0 |  1171
           D:7 |       0 |     282 |   0.0 |       0 |       6 |   0.0 |   201
         Sewer |       0 |      88 |   0.0 |       0 |      24 |   0.0 |   403
        Bailey |       0 |    1086 |   0.0 |       0 |      25 |   0.0 |   820
               +---------+---------+-------+---------+---------+-------+---------
